 Dungeon Crawl Stone Soup version 0.30-a0-1082-g70414cbcbb (webtiles) character file.

Game seed: 14537608670443850513

2503 BubbleThief the Cleaver (level 9, 0/126 HPs)
             Began as a Hill Orc Fighter on Apr 15, 2023.
             Was an Initiate of Okawaru.
             Succumbed to a gnoll sergeant's poison
             ... on level 6 of the Dungeon.
             The game lasted 00:07:29 (5874 turns).

BubbleThief the Cleaver (Hill Orc Fighter)          Turns: 5874, Time: 00:07:29

Health: 0/126      AC:  9    Str: 23    XL:     9   Next: 53%
Magic:  9/9        EV: 10    Int:  8    God:    Okawaru [......]
Gold:   9          SH:  4    Dex: 10    Spells: 8/8 levels left

rFire   . . .      SeeInvis +    D - +3 war axe (heavy)
rCold   + + .      Faith    +    c - +0 buckler
rNeg    . . .      Spirit   .    H - +1 ring mail {rC+}
rPois   .          Reflect  .    (no helmet)
rElec   .          Rampage  .    G - +0 cloak
rCorr   .                        (no gloves)
Will    .....                    r - +0 pair of boots Stlth
                                 q - amulet of faith
HPRegen 0.41/turn                f - ring of protection from cold
MPRegen 0.11/turn                a - ring of see invisible

@: berserking, lethally poisoned (0 -> -38), very quick
A: no striking features
a: Renounce Religion


You were on level 6 of the Dungeon.
You worshipped Okawaru.
Okawaru was noncommittal.
You visited 2 branches of the dungeon, and saw 7 of its levels.

You collected 279 gold pieces.
You spent 270 gold pieces at shops.

Inventory:

Hand Weapons
 D - a +3 heavy war axe (weapon)
Missiles
 k - 6 curare-tipped darts (quivered)
 E - a throwing net
Armour
 c - a +0 buckler (worn)
 r - a +0 pair of boots (worn)
 G - a +0 cloak (worn)
 H - a +1 ring mail of cold resistance (worn)
Jewellery
 a - a ring of see invisible (right hand)
 f - a ring of protection from cold (left hand)
 q - an amulet of faith (around neck)
Wands
 v - a wand of flame (21)
 w - a wand of polymorph (6)
 C - a wand of light (3)
Scrolls
 b - a scroll of magic mapping {unknown}
 g - 2 scrolls of fear
 h - 3 scrolls of teleportation
 j - 3 scrolls of identify
 n - a scroll of amnesia {unknown}
 t - 2 scrolls of immolation {unknown}
 x - a scroll of blinking {unknown}
 y - a scroll of acquirement {unknown}
 B - a scroll of noise {unknown}
Potions
 d - 5 potions of might
 e - 3 potions of heal wounds
 i - 2 potions of brilliance
 m - 3 potions of mutation
 o - a potion of degeneration {unknown}
 p - a potion of curing {unknown}
 s - a potion of lignification {unknown}
 u - a potion of magic {unknown}
 z - a potion of invisibility {unknown}
 A - a potion of ambrosia {unknown}
 F - a potion of haste {unknown}


   Skills:
 + Level 9.4 Fighting
 * Level 13.5 Axes
 - Level 3.2 Armour
 - Level 3.2 Shields


You had 8 spell levels left.
You didn't know any spells.
Your spell library contained the following spells:

 Spells                   Type           Power      Damage    Failure   Level
 Sandblast                Erth           0%         2d4       65%         1
 Ensorcelled Hibernation  Hex/Ice        0%         N/A       80%         2
 Passwall                 Tmut/Erth      0%         N/A       80%         2
 Stone Arrow              Conj/Erth      0%         3d7       95%         3
 Swiftness                Air            0%         N/A       95%         3
 Vhi's Electric Charge    Tloc/Air       0%         N/A       95%         3
 Arcjolt                  Conj/Air       0%         1d10      100%        5
 Maxwell's Capacitive Co  Air            0%         ∞         100%        8


Dungeon Overview and Level Annotations

Branches:
Dungeon (6/15)             Temple (1/1) D:6

Altars:
Ashenzari
Hepliaklqana
Kikubaaqudgha
Nemelex Xobeh
Okawaru
Ru
Sif Muna
Trog
Yredelemnul
Zin

Shops:
D:3 *   D:5 *


Message History

The gnoll sergeant hits you from afar with a +1 spear of venom.
You block the gnoll's attack.
You hit the gnoll.
The gnoll is lightly wounded.
You feel very sick.
The gnoll sergeant hits you from afar with a +1 spear of venom!
You are more poisoned.
The gnoll hits you with a +0 flail.
You are too injured to fight recklessly!
You are too injured to fight recklessly!
You hit the gnoll.
The gnoll is heavily wounded.
You feel extremely sick. You block the gnoll sergeant's attack.
The gnoll barely misses you. The gnoll hits you with a +0 flail.
The gnoll sergeant hits you from afar with a +1 spear of venom.
* * * LOW HITPOINT WARNING * * *
You are lethally poisoned!
It was a potion of berserk rage.
A red film seems to cover your vision as you go berserk!
You feel yourself moving faster!
You feel mighty!
* * * LOW HITPOINT WARNING * * *
You feel extremely sick.
The gnoll sergeant hits you but does no damage.
You are lethally poisoned!
The gnoll misses you.
You open the gnoll like a pillowcase!!!
You kill the gnoll!
Okawaru accepts your kill.
* * * LOW HITPOINT WARNING * * *
You feel extremely sick.
* * * LOW HITPOINT WARNING * * *
You feel very sick.
The gnoll sergeant hits you with a +1 spear of venom!
* * * LOW HITPOINT WARNING * * *
You are more poisoned.
Items here: ))) †.
You slice the gnoll sergeant!!
The gnoll sergeant is almost dead.
You die...

..#...####...## +#.#+ ..#.#.#.#
.........#....###...###...#.#.#.#
.##......#........8........ #.#.#
#..#.....##...###...###.... .....
#........##..## +#.#+
.#....#####.## #.# ......# #.#
##.## #.....# #.# ##...## #####.#
#.# #@)...# #.# #.....g........
.# #............... .#
.................
.#...#.#.######.# .......... !.
###..###.# #. .#


You could see a gnoll sergeant.

Vanquished Creatures
  Pikel (D:6)
  Grinder (D:5)
  Sigmund (D:5)
  A water moccasin (D:5)
  An ice beast (D:6)
  A black bear (D:6)
  3 lemures (D:6)
  2 phantoms (D:4)
  Blork the orc (D:5)
  A kobold brigand (D:6)
  4 bullfrogs
  4 scorpions
  2 jellies (D:4)
  2 hounds
  An orc priest (D:4)
  Crazy Yiuf (D:5)
  An iguana (D:3)
  Natasha (thrice) (D:3)
  Terence (D:2)
  An orc wizard (D:5)
  A hound zombie (D:4)
  2 hound skeletons (D:4)
  A howler monkey zombie (D:4)
  9 gnolls
  5 adders
  An adder skeleton (D:4)
  3 adder zombies (D:4)
  A worm (D:5)
  A dart slug (D:3)
  9 orcs
  7 ball pythons
  6 bats
  2 endoplasms
  5 giant cockroaches
  9 goblins
  3 hobgoblins
  12 kobolds
  2 quokkas
  6 frilled lizards
  7 rats
125 creatures vanquished.

Notes
Turn   | Place    | Note
-------+----------+-------------------------------------------
     0 | D:1      | BubbleThief the Hill Orc Fighter began the quest for the
                  | Orb.
     0 | D:1      | Reached XP level 1. HP: 19/19 MP: 1/1
    92 | D:1      | Reached skill level 3 in Axes
   200 | D:1      | Reached XP level 2. HP: 27/27 MP: 2/2
   952 | D:2      | Noticed Terence
   961 | D:2      | Killed Terence
   962 | D:2      | Reached skill level 4 in Axes
   962 | D:2      | Reached XP level 3. HP: 27/33 MP: 3/3
  1476 | D:3      | Reached XP level 4. HP: 41/41 MP: 4/4
  1514 | D:3      | Reached skill level 5 in Axes
  1819 | D:3      | Noticed Natasha
  1830 | D:3      | Killed Natasha
  1831 | D:3      | Reached XP level 5. HP: 26/47 MP: 5/5
  2063 | D:3      | Found Sayteco's Assorted Antiques.
  2075 | D:3      | Bought a lead wand for 88 gold pieces
  2101 | D:3      | Noticed Natasha
  2115 | D:3      | Killed Natasha
  2116 | D:3      | Reached skill level 5 in Fighting
  2116 | D:3      | Reached skill level 6 in Axes
  2220 | D:3      | Noticed Natasha
  2293 | D:3      | Killed Natasha
  2451 | D:4      | Reached XP level 6. HP: 33/56 MP: 6/6
  2501 | D:4      | Reached skill level 7 in Axes
  2585 | D:4      | Found a sacrificial altar of Ru.
  2620 | D:4      | Found a basalt altar of Yredelemnul.
  2673 | D:4      | Reached skill level 8 in Axes
  2673 | D:4      | Reached XP level 7. HP: 48/63 MP: 7/7
  3067 | D:4      | You fall into a shaft and drop 2 floors!
  3081 | D:6      | Reached skill level 9 in Axes
  3254 | D:6      | Reached XP level 8. HP: 73/73 MP: 8/8
  3274 | D:6      | Noticed Pikel
  3290 | D:5      | Entered Level 5 of the Dungeon
  3290 | D:5      | Found Waonne's Assorted Antiques.
  3356 | D:5      | Reached skill level 10 in Axes
  3576 | D:5      | Noticed Grinder
  4209 | D:5      | Paralysed by Grinder for 5 turns
  4234 | D:5      | HP: 2/73 [Grinder (5)]
  4235 | D:5      | Killed Grinder
  4236 | D:5      | Reached skill level 11 in Axes
  4474 | D:5      | Noticed Sigmund
  4481 | D:5      | Killed Sigmund
  4550 | D:5      | Noticed Blork the orc
  4561 | D:5      | Killed Blork the orc
  4794 | D:5      | Found a runed translucent door.
  4795 | D:5      | Noticed Crazy Yiuf
  4961 | D:5      | Reached skill level 12 in Axes
  4961 | D:5      | Reached XP level 9. HP: 80/82 MP: 9/9
  5000 | D:5      | Found a bloodstained altar of Trog.
  5242 | D:5      | Killed Crazy Yiuf
  5400 | D:5      | Bought a shiny ring mail for 182 gold pieces
  5587 | D:6      | Killed Pikel
  5588 | D:6      | Reached skill level 13 in Axes
  5680 | D:6      | Found a staircase to the Ecumenical Temple.
  5687 | Temple   | Entered the Ecumenical Temple
  5793 | Temple   | Became a worshipper of Warmaster Okawaru
  5874 | D:6      | Succumbed to a gnoll sergeant's poison

Illustrated notes

Levels and vault maps discovered:
D:1:      dpeg_arrival_tiny_a, layout_loops_ring
D:2:      layout_basic, uniq_terence
D:3:      kennysheep_six_static_rooms, layout_loops_ring, serial_shops, shop,
          hangedman_abyss_or_decor_lesser_grid, kennysheep_potato, uniq_natasha
D:4:      layout_loops_corners, mainiacjoe_overflow_catch_the_wave,
          serial_undead, serial_undead_a, serial_undead_a, serial_undead_a,
          serial_undead_a
D:5:      layout_rooms, trog_hazing_becter, serial_shops,
          nicolae_shop_waterfront, kennysheep_generic_room_10,
          uniq_crazy_yiuf_cottage, uniq_blork_the_orc, uniq_sigmund,
          uniq_grinder
D:6:      cheibrodos_barr_body, layout_basic, minmay_temple_entry_mini_moons,
          st_stairs_14, uniq_pikel
Temple:   nicolae_temple_superstar

Skill      XL: |  1  2  3  4  5  6  7  8  9 |
---------------+----------------------------+-----
Axes           | 3 4 5 6 8 9 12 13 | 13.5
Fighting       | 4 5 6 7 8 9 |  9.4
Armour         | |  3.2
Shields        | |  3.2

Action                     |  1- 3 |  4- 6 |  7- 9 || total
---------------------------+-------+-------+-------++-------
  Melee: War axe           |    32 |       |    52 ||    84
         Hand axe          |    41 |   127 |   157 ||   325
  Throw: Dart              |       |       |     3 ||     3
  Evoke: Wand              |       |       |     1 ||     1
    Use: Scroll            |       |       |     5 ||     5
         Potion            |       |       |     1 ||     1
 Armour: Scale mail        |    31 |    38 |    71 ||   140
         Ring mail         |       |       |     8 ||     8
  Dodge: Dodged            |    39 |    39 |    73 ||   151
  Block: Buckler           |     8 |    15 |    36 ||    59

Table legend: (Time is in decaauts)
 A = Elapsed time spent in this place.
 B = Non-inter-level travel time spent in this place.
 C = Inter-level travel time spent in this place.
 D = Time resting spent in this place.
 E = Time spent auto-exploring this place.
 F = Levels seen in this place.
 G = Mean time per level.
                   A        B        C        D        E       F      G
               +--------+--------+--------+--------+--------+-----+--------+
         Total |   5897 |   5571 |    326 |    178 |   4443 |   7 |  842.4 |
       Dungeon |   5762 |   5492 |    270 |    178 |   4397 |   6 |  960.3 |
        Temple |    134 |     78 |     56 |      0 |     46 |   1 |  134.0 |
               +--------+--------+--------+--------+--------+-----+--------+

Top non-repeatable levels by time:
     D:5: 1582 daAuts
     D:4: 1257 daAuts
     D:3: 1028 daAuts
     D:1: 774 daAuts
     D:2: 611 daAuts
     D:6: 508 daAuts
  Temple: 134 daAuts
